Map: Ephemeron LE

Players

Khun (Ranger)

  • Race: Protoss Protoss
  • Spawn Location: 5:00

Prasertwit (StriKE) - Winner!

  • Race: Terran Terran
  • Spawn Location: 11:00

Event: SEA Games 2019

VOD

https://youtu.be/D78V47ZEiMg

Description

Time

  • Played on: Dec. 5, 2019, 8:08 p.m.
  • Length: 12:39

All games in this series

Show
View Real Time Build Order
Export as new Build Order

Khun Protoss 

Build Orders: 1 Gate Expand, Oracle Opening 

Get SALT Encoding   

  12  0:00  Probe  
  13  0:12  Probe  
  14  0:19  Pylon  
  14  0:24  Probe  
  15  0:37  Gateway  
  15  0:41  Probe (Chrono Boost)  
  17  0:50  Probe (Chrono Boost)  
  17  0:52  Assimilator  
  17  0:55  Probe (Chrono Boost)  
  18  1:07  Probe  
  19  1:19  Probe  
  20  1:27  Nexus  
  20  1:38  Cybernetics Core  
  20  1:40  Probe  
  20  1:46  Assimilator  
  21  1:54  Probe  
  21  1:58  Pylon  
  22  2:06  Probe  
  23  2:14  Adept (Chrono Boost)  
  23  2:19  Probe, Shield Battery  
  26  2:27  Warp Gate  
  26  2:32  Probe (Chrono Boost)  
  26  2:35  Stargate  
  27  2:39  Probe (Chrono Boost)  
  29  2:45  Adept  
  29  2:48  Probe (Chrono Boost)  
  32  3:27  Shield Battery  
  32  3:28  Shield Battery  
  32  3:29  Oracle (Chrono Boost)  
  32  3:30  Pylon  
  32  3:32  Stalker  
  29  3:35  Pylon  
  29  3:37  Pylon  
  15  4:11  Probe (Chrono Boost)  
  16  4:22  Zealot  
  18  4:27  Probe (Chrono Boost)  
  14  5:03  Probe  
  15  5:16  Probe (Chrono Boost)  
  16  5:28  Probe (Chrono Boost)  
  18  5:36  Probe (Chrono Boost)  
  18  5:37  Sentry  
  21  5:43  Probe (Chrono Boost)  
  21  5:48  Probe (Chrono Boost)  
  23  6:00  Probe (Chrono Boost)  
  23  6:05  Adept  
  23  6:06  Probe (Chrono Boost)  
  26  6:15  Probe (Chrono Boost)  
  28  6:27  Probe (Chrono Boost)  
  28  6:36  Probe (Chrono Boost)  
  28  6:39  Adept  
  31  6:48  Probe  
  30  7:03  Stalker  
  30  7:05  Probe  
  30  7:08  Pylon  
  31  7:19  Probe  
  31  7:31  Probe  
  29  7:42  Void Ray (Chrono Boost)  
  29  7:43  Probe  
  34  8:02  Stalker  
  36  8:10  Gateway  
  36  8:14  Probe  
  36  8:16  Pylon  
  37  8:31  Probe  
  38  8:37  Oracle (Chrono Boost)  
  41  8:56  Nexus  
  41  9:02  Probe  
  42  9:06  Pylon  
  42  9:09  Sentry  
  44  9:14  Probe  
  45  9:22  Gateway  
  45  9:26  Probe (Chrono Boost)  
  47  9:38  Probe (Chrono Boost)  
  47  9:39  Twilight Council  
  47  9:46  Robotics Facility  
  47  9:49  Probe (Chrono Boost)  
  48  9:56  Adept  
  50  10:04  Probe (Chrono Boost)  
  51  10:10  Probe (Chrono Boost)  
  52  10:18  Blink (Chrono Boost)  
  52  10:20  Probe x2 (Chrono Boost)  
  54  10:25  Probe (Chrono Boost)  
  54  10:26  Probe  
  56  10:37  Probe  
  56  10:38  Probe  
  58  10:49  Probe  
  57  10:51  Immortal (Chrono Boost)  
  57  10:52  Stalker, Sentry  
  63  11:02  Robotics Bay  
  61  11:08  Shield Battery  
  61  11:10  Shield Battery  
  61  11:13  Gateway  
  59  11:29  Stalker x2  
  63  11:35  Probe, Phoenix (Chrono Boost)  
  63  11:37  Immortal  
  65  11:40  Assimilator  
  65  11:47  Shield Battery  
  65  11:49  Pylon  
  65  11:59  Stalker x2  
  44  12:24  Zealot x2  
Show
View Real Time Build Order
Export as new Build Order

Prasertwit Terran - Winner!

Build Orders:  

Get SALT Encoding   

  12  0:00  SCV  
  13  0:12  SCV  
  14  0:17  Supply Depot  
  14  0:26  SCV  
  15  0:46  Barracks  
  15  0:47  Barracks  
  15  0:54  Refinery  
  15  0:59  SCV  
  16  1:11  SCV  
  17  1:33  Barracks Tech Lab  
  17  1:35  Marine  
  17  1:36  Orbital Command  
  18  1:55  Marine  
  19  2:07  Marauder  
  21  2:08  Concussive Shells  
  21  2:09  Supply Depot  
  21  2:13  Marine  
  22  2:31  Marauder  
  22  2:32  Marine  
  25  2:43  SCV  
  26  2:51  Marine  
  26  2:52  Marauder  
  26  2:58  Bunker x3  
  26  3:13  Marine  
  26  3:14  Marauder  
  28  3:25  SCV  
  28  3:31  Marine  
  29  3:35  Marauder  
  31  3:49  Engineering Bay  
  31  3:51  Marine  
  31  3:57  SCV  
  26  4:10  SCV  
  26  4:13  Marauder, Marine  
  29  4:22  SCV  
  28  4:34  SCV, Factory, Missile Turret  
  27  4:51  Marine  
  27  4:52  Marauder, SCV  
  27  5:03  Refinery  
  27  5:04  SCV  
  28  5:09  Marine  
  27  5:16  SCV  
  28  5:24  Starport, Hellion  
  30  5:28  SCV  
  30  5:32  Marauder  
  30  5:34  Barracks Reactor  
  33  5:40  SCV  
  34  5:43  Liberator  
  34  5:46  Command Center  
  34  5:53  SCV  
  38  6:10  Factory Tech Lab  
  38  6:14  Marine x2  
  38  6:18  Supply Depot  
  38  6:21  Bunker  
  38  6:26  SCV  
  37  6:34  Cyclone  
  37  6:35  Supply Depot  
  37  6:37  Marine  
  39  6:40  Marine  
  38  6:49  Viking  
  38  6:53  SCV  
  38  7:07  SCV  
  38  7:08  Marine x2  
  41  7:19  SCV  
  41  7:22  Siege Tank  
  45  7:31  SCV  
  45  7:35  Orbital Command  
  44  7:43  SCV  
  45  7:46  Marine x2  
  45  7:49  Supply Depot  
  47  8:03  SCV  
  47  8:04  Marine x2  
  49  8:07  Barracks  
  49  8:14  Widow Mine  
  49  8:15  SCV  
  50  8:27  SCV  
  50  8:32  Marine x2, Viking  
  52  8:40  Siege Tank  
  55  8:44  Supply Depot  
  55  8:58  Marine, Missile Turret  
  55  8:59  Marine, Orbital Command  
  55  9:00  SCV  
  56  9:03  Barracks Tech Lab  
  56  9:18  Bunker  
  56  9:19  Missile Turret  
  56  9:25  SCV  
  56  9:26  SCV  
  58  9:31  Marauder, Stimpack  
  58  9:37  SCV  
  61  9:38  SCV  
  61  9:40  Starport Reactor  
  61  9:41  Marine x2  
  64  9:46  Barracks  
  64  9:50  SCV  
  64  9:51  SCV  
  66  9:55  Siege Tank  
  66  9:56  Marauder  
  66  9:59  Marine x2  
  73  10:02  SCV  
  73  10:04  Supply Depot  
  73  10:05  Supply Depot  
  73  10:17  Marine x2  
  75  10:37  Marine  
  75  10:38  Marauder  
  75  10:41  Marine  
  77  10:45  SCV  
  76  10:54  Medivac, Siege Tank  
  76  10:55  Marine  
  81  10:57  Barracks Tech Lab  
  81  10:59  Marauder  
  82  11:12  Marine  
  83  11:20  Marauder  
  83  11:22  Bunker x2  
  83  11:23  Bunker  
  81  11:30  Marine  
  81  11:34  Marine  
  81  11:36  SCV x2  
  83  11:42  Marauder  
  85  11:47  Marine  
  85  11:48  SCV x2  
  85  11:52  Marine  
  89  12:02  Bunker  
  89  12:03  Bunker, Marauder  
  89  12:14  Marine, SCV  
  86  12:18  Marine  
  86  12:20  SCV  
Tags
 
Add a new tag
Caveats
  • Supply blocks, unpowered buildings, or Contaminate may cause inaccurate times.
  • Supply counts are checked every 10 seconds.